cohdb
Replays
Latest Replays
All Replays
Popular Replays
Top Player Replays
Match Explorer
How It Works
Community
CoH3 Stats
Reddit
Sign in to upload your games and track your stats! →
Sign in with Steam
Match 41311873
Unlisted
Match 41311873
Overview
Messages
Build Orders
End
Construct Section Command Post
Royal Engineer Section
Dingo Light Scout Car
Selects Canadian Shock Battlegroup
Infantry Section
Infantry Section
Selects Attacking Spirit
Selects Canadian Shock Section
Canadian Shock Section
Grenade Package
Construct Platoon Command Post
Humber Armored Car
Canadian Shock Section
ML 3-inch Mortar Team
Selects Incendiary Munitions
Selects Pyrotechnics
Canadian Shock Section
Vickers Machine Gun Team
6-pounder Anti-tank Gun Team
Construct Company Command Post
Selects Churchill Crocodile Heavy Tank
Churchill Crocodile Heavy Tank
coledj0408
S.W.A
DerGympanse
v4mp - HTB -
0
0
Comments
sign in to comment!
No comments posted yet!